 Dungeon Crawl Stone Soup version 0.21-a0-170-g0398fc9 (webtiles) character file.

40 Lunath the Cudgeler (level 3, -6/22 HPs)
             Began as a Gargoyle Gladiator on Aug 6, 2017.
             Killed from afar by Natasha (9 damage)
             ... with a magic dart
             ... on level 2 of the Dungeon.
             The game lasted 00:02:03 (898 turns).

Lunath the Cudgeler (Gargoyle Gladiator)             Turns: 898, Time: 00:02:03

Health: -6/22      AC:  7    Str: 18    XL:     3   Next: 50%
Magic:  3/3        EV: 12    Int:  8    God:
Gold:   51         SH:  0    Dex: 11    Spells: 2/2 levels left

rFire    . . .     SeeInvis .   a - +0 flail
rCold    . . .     Gourm    .   (no shield)
rNeg     + . .     Faith    .   b - +0 leather armour
rPois    ∞         Spirit   .   c - +0 helmet
rElec    +         Reflect  .   (no cloak)
rCorr    .         Harm     .   (no gloves)
MR       .....                  (no boots)
Stlth    +.........             (no amulet)
HPRegen  0.07/turn              (no ring)
MPRegen  0.08/turn              (no ring)

@: slowed, very slow
A: negative energy resistance 1, electricity resistance, unbreathing,
petrification resistance, rot immunity, AC +3
a: no special abilities


You were on level 2 of the Dungeon.
You were not hungry.

You visited 1 branch of the dungeon, and saw 2 of its levels.

You collected 51 gold pieces.

Inventory:

Hand Weapons
 a - a +0 flail (weapon)
Missiles
 d - 3 throwing nets (quivered)
Armour
 b - a +0 leather armour (worn)
 c - a +0 helmet (worn)
Scrolls
 e - 2 scrolls of identify {unknown}
 j - a scroll of fear {unknown}
 k - a scroll of fog {unknown}
 l - a scroll of noise {unknown}
 m - a scroll of recharging {unknown}
 n - a scroll of remove curse {unknown}
Potions
 h - 2 potions of magic {unknown}
 i - 2 potions of brilliance {unknown}
Comestibles
 f - a bread ration
 g - 5 chunks of flesh
 o - a royal jelly


   Skills:
 + Level 2.7 Fighting
 * Level 4.1 Maces & Flails
 - Level 1.7 Throwing
 - Level 2.4 Dodging


You had 2 spell levels left.
You didn't know any spells.

Dungeon Overview and Level Annotations

Branches:
Dungeon (2/15)

Altars:

Annotations:
D:2 Natasha


Innate Abilities, Weirdness & Mutations

You are resistant to torment.
Your stone body is resilient. (AC +3)
You are immune to poison.
You resist negative energy. (rN+)
You are resistant to electric shocks. (rElec)
You can survive without breathing.
You are immune to petrification.
You are immune to rotting.


Message History

You are too injured to fight recklessly!
You are too injured to fight recklessly!
You are too injured to fight recklessly!
You are too injured to fight recklessly!
You completely miss Natasha. Natasha casts a spell at you.
The magic dart hits you!
* * * LOW HITPOINT WARNING * * *
You hit Natasha.
Natasha is moderately wounded.
Natasha casts a spell.
Natasha claws you.
* * * LOW HITPOINT WARNING * * *
You closely miss Natasha.
Natasha is moderately wounded.
Natasha misses you.
The white imp hits you but does no damage.
Natasha stares at you and mumbles some strange words.
The magic dart hits you!
You die...

#.....######
#..........######
......####......###
......# ##........
###.### #.###.##.
#.# #.###.# #+#
#.....# #
#..#####.#
#....h@5.#
##..###### #...
h..... ###...##
#..## #.## #.


You could see Natasha and a white imp.

Vanquished Creatures
  2 oozes (D:1)
  A worm (D:2)
  A dart slug (D:1)
  2 goblins (D:1)
  4 hobgoblins (D:1)
  5 jackals (D:1)
  A kobold (D:1)
  2 ball pythons (D:1)
  A bat (D:1)
  6 frilled lizards (D:1)
  2 rats (D:1)
27 creatures vanquished.

Notes
Turn   | Place    | Note
-------+----------+-------------------------------------------
     0 | D:1      | Lunath the Gargoyle Gladiator began the quest for the Orb.
     0 | D:1      | Reached XP level 1. HP: 12/12 MP: 1/1
   131 | D:1      | Reached XP level 2. HP: 17/18 MP: 2/2
   401 | D:1      | Reached XP level 3. HP: 22/22 MP: 3/3
   685 | D:1      | Reached skill level 4 in Maces & Flails
   888 | D:2      | Noticed Natasha
   898 | D:2      | Killed from afar by Natasha

Vault maps used:
D:1:      evilmike_arrival_hilbert_curve, nrook_mini_vaults
D:2:      uniq_natasha

Skill      XL: |  1  2  3 |
---------------+----------+-----
Maces & Flails | 4 |  4.1
Fighting       | |  2.7
Throwing       | |  1.7
Dodging        | |  2.4

Action                   || total
-------------------------++-------
Melee: Flail             ||    84
Armor: Leather armour    ||    32
Dodge: Dodged            ||    55
